 Dungeon Sprint DCSS version 0.21.1-1-g345015fe64 (webtiles) character file.

13598 Htamos the Warrior (level 11, -2/128 HPs)
             Began as a Troll Berserker on July 13, 2018.
             Was a High Priest of Trog.
             Slain by a merfolk siren
             ... wielding a +0 trident
              (10 damage)
             ... in the Dungeon (Sprint I: "Red Sonja").
             The game lasted 00:11:19 (2010 turns).

Htamos the Warrior (Troll Berserker)                Turns: 2010, Time: 00:11:21

Health: -2/128     AC:  5    Str: 28    XL:     11   Next: 77%
Magic:  10/10      EV:  5    Int:  3    God:    Trog [*****.]
Gold:   360        SH:  0    Dex:  9    Spells: 10/10 levels left

rFire    . . .     SeeInvis .     - Unarmed
rCold    . . .     Gourm    +   u - +4 shield of the Other Side {rPois MR+ rCorr}
rNeg     . . .     Faith    .   a - +0 animal skin
rPois    +         Spirit   .   (helmet restricted)
rElec    .         Reflect  .   r - +0 cloak {+Inv}
rCorr    +         Harm     .   (gloves unavailable)
MR       +++..     Rnd*Rage +   (boots unavailable) Stlth +.........NoTele +
                                (no amulet)
HPRegen  1.71/turn              (no ring)
MPRegen  0.12/turn              (no ring)

@: mesmerised, held, regenerating
A: large, unfitting armour, claws 3, berserk 1, deformed body, fast metabolism
3, frail 1, gourmand, regeneration 1, screaming 1, shaggy fur 1, tough skin 2,
weak 1, subdued magic 2
a: Berserk, Trog's Hand, Brothers in Arms, Burn Spellbooks, Renounce Religion,
Evoke Invisibility


You were in the Dungeon.
You worshipped Trog.
Trog was extremely pleased with you.
You were completely stuffed.

You visited 1 branch You collected 1303 gold pieces.
You spent 943 gold pieces at shops.

Inventory:

Hand Weapons
 d - a +2 battleaxe of electrocution
 k - a +4 bardiche of protection
 m - a +1 dire flail of crushing
 v - a +3 antimagic dagger
 w - a +6 vampiric executioner's axe
 x - a +6 antimagic quick blade
 y - the +11 spear of Upnegoeg {pierce, Stlth+, unknown}
   (Trog gifted it to you in the Dungeon)

   It inflicts extra damage upon your enemies.
   It makes you more stealthy.
Armour
 a - a +0 animal skin (worn)
 n - the cursed +1 ring mail "Dips" {Int+3, unknown}
   (You found it in the Dungeon)

   It affects your intelligence (+3).
   It has a curse placed upon it.
 r - a +0 cloak of invisibility (worn)
 u - the +4 shield of the Other Side (worn) {rPois MR+ rCorr}
   (You bought it in a shop in the Dungeon)

   It protects you from poison.
   It affects your resistance to hostile enchantments.
   It protects you from acid and corrosion.
Wands
 j - a wand of polymorph (8)
 l - a wand of acid (6)
 q - a wand of clouds (7)
Scrolls
 h - a scroll of blinking
 o - a scroll of magic mapping {unknown}
 s - a scroll of remove curse {unknown}
 t - a scroll of amnesia {unknown}
Potions
 c - 4 potions of curing
 f - 2 potions of magic
 g - a potion of berserk rage
 i - 3 potions of degeneration {unknown}
Books
 p - a book of Geomancy

   Spells                             Type                      Level
   a - Sandblast                      Earth                        1
   b - Passwall                       Transmutation/Earth          2
   c - Stone Arrow                    Conjuration/Earth            3
   d - Petrify                        Transmutation/Earth          4
   e - Lee's Rapid Deconstruction     Earth                        5
   Trog disapproves of the use of such an item.
Comestibles
 b - 3 rations


   Skills:
 * Level 18.6 Fighting
 - Level 2.4 Dodging
 + Level 7.0 Shields
 + Level 16.2 Unarmed Combat


You had 10 spell levels left.
You didn't know any spells.

Dungeon Overview and Level Annotations

Branches:
Dungeon (1/1)

Altars:
Cheibriados
Dithmenos
Elyvilon
Fedhas
Gozag
Hepliaklqana
Kikubaaqudgha
Makhleb
Nemelex Xobeh
Okawaru
Qazlal
Ru
Sif Muna
Trog
Uskayaw
Vehumet
Wu Jian
Xom
Yredelemnul
Zin
The Shining One
Jiyva
Lugonu

Shops:
D [(**%:*!*[}}?%[?}(([(


Innate Abilities, Weirdness & Mutations

You are too large for most types of armour.
You have claws for hands.
Your metabolism is lightning-fast.
You like to eat raw meat.
Your natural rate of healing is unusually fast.
You are covered in fur. (AC +1)
You have very tough skin. (AC +2)
You tend to lose your temper in combat.
Armour fits poorly on your strangely shaped body.
You are frail. (-10% HP)
You occasionally shout uncontrollably at your foes.
You are weak. (Str -2)
Your spells are easier to cast, but less powerful.


Message History

You are mesmerised by the merfolk siren!
You struggle against the net.
The hellwing hits you!
* * * LOW HITPOINT WARNING * * *
The hellwing hits you but does no damage.
The merfolk siren chants its luring song.
You feel better.
The merfolk siren is engulfed in a cloud of scalding steam.
The merfolk siren chants its luring song.
The hellwing hits you!
* * * LOW HITPOINT WARNING * * *
The hellwing hits you.
* * * LOW HITPOINT WARNING * * *
Your skin crawls.
You feel resistant to hostile enchantments.
You feel somewhat less full.
The hellwing hits you but does no damage.
The hellwing hits you.
* * * LOW HITPOINT WARNING * * *
The merfolk siren hits you with a trident!
You die...

########################
#...§÷..§§§§§..#^m§§§§$#
#§####§§.§.##..'@§#§$§§#
#.# ##§§.#######4#§§§$§#
§§# ###+# ..#§§$§§# ###
#..##§$§$# #..≈###+##
#..≈ #..≈. #..≈#


You could see a hellwing and a merfolk siren.

Vanquished Creatures
  2 centaur warriors (D)
  Sonja (D)
  A deep troll (D)
  2 unseen horrors (D)
  A lindwurm (D)
  8 shining eyes (D)
  An oklob plant (D)
  2 kobold demonologists (D)
  4 demonic crawlers (D)
  A hornet (D)
  A slime creature (D)
  A yak (D)
  Sigmund (D)
  13 hogs (D)
  2 redbacks (D)
  7 floating eyes (D)
  7 necrophages (D)
  An ogre (D)
  8 jellies (D)
  Ijyb (D)
  3 ballistomycetes (D)
68 creatures vanquished.

Vanquished Creatures (collateral kills)
  A hydra (D)
1 creature vanquished.

Vanquished Creatures (others)
  A merfolk siren (D)
  A gargoyle (D)
  2 hornets (D)
  2 ballistomycete spores (D)
6 creatures vanquished.

Grand Total: 75 creatures vanquished

Notes
Turn   | Place    | Note
-------+----------+-------------------------------------------
     0 | D        | Htamos the Troll Berserker began the quest for the Orb.
     0 | D        | Reached XP level 1. HP: 22/22 MP: 0/0
     3 | D        | Noticed Ijyb
    11 | D        | Killed Ijyb
    11 | D        | Reached skill level 4 in Fighting
    11 | D        | Reached XP level 2. HP: 26/33 MP: 1/1
    23 | D        | Noticed an ogre
    25 | D        | Killed an ogre
    25 | D        | Reached skill level 6 in Fighting
    25 | D        | Reached XP level 3. HP: 45/45 MP: 2/2
    25 | D        | Reached XP level 4. HP: 53/53 MP: 3/3
    82 | D        | Noticed Sigmund
    86 | D        | Killed Sigmund
    86 | D        | Reached ** piety under Trog
    86 | D        | Reached skill level 8 in Fighting
    86 | D        | Reached XP level 5. HP: 66/66 MP: 4/4
   100 | D        | Found an ornate altar of the Wu Jian Council.
   100 | D        | Found a deep blue altar of Sif Muna.
   102 | D        | Found a radiant altar of Vehumet.
   104 | D        | Reached skill level 9 in Fighting
   104 | D        | Reached XP level 6. HP: 75/75 MP: 5/5
   111 | D        | Found Bukk's Assorted Antiques.
   111 | D        | Found an ancient bone altar of Kikubaaqudgha.
   111 | D        | Found a hazy altar of Hepliaklqana.
   111 | D        | Found a stormy altar of Qazlal.
   111 | D        | Found a hide-covered altar of Uskayaw.
   111 | D        | Found a blossoming altar of Fedhas.
   111 | D        | Found a bloodstained altar of Trog.
   111 | D        | Found an iron altar of Okawaru.
   111 | D        | Found a basalt altar of Yredelemnul.
   111 | D        | Found a glowing golden altar of the Shining One.
   111 | D        | Found a snail-covered altar of Cheibriados.
   111 | D        | Found a sacrificial altar of Ru.
   111 | D        | Found a glowing silver altar of Zin.
   111 | D        | Found a shadowy altar of Dithmenos.
   111 | D        | Found a white marble altar of Elyvilon.
   111 | D        | Noticed a yak
   114 | D        | Killed a yak
   114 | D        | Reached skill level 10 in Fighting
   115 | D        | Found an opulent altar of Gozag.
   131 | D        | Found a sparkling altar of Nemelex Xobeh.
   135 | D        | Bought a gold wand for 84 gold pieces
   152 | D        | Found a viscous altar of Jiyva.
   152 | D        | Found a corrupted altar of Lugonu.
   152 | D        | Noticed a slime creature
   153 | D        | Found a burning altar of Makhleb.
   153 | D        | Found a shimmering altar of Xom.
   156 | D        | Killed a slime creature
   156 | D        | Reached *** piety under Trog
   156 | D        | Reached skill level 11 in Fighting
   156 | D        | Reached XP level 7. HP: 64/88 MP: 6/6
   203 | D        | Noticed a kobold demonologist
   204 | D        | Noticed a kobold demonologist
   206 | D        | Noticed a sun demon
   207 | D        | Killed a kobold demonologist
   207 | D        | Reached skill level 10 in Unarmed Combat
   208 | D        | Reached skill level 12 in Fighting
   213 | D        | Killed a kobold demonologist
   213 | D        | Reached **** piety under Trog
   213 | D        | Reached XP level 8. HP: 101/101 MP: 7/7
   333 | D        | Noticed a centaur warrior
   333 | D        | Noticed a centaur warrior
   338 | D        | Killed a centaur warrior
   338 | D        | Reached skill level 13 in Fighting
   341 | D        | Killed a centaur warrior
   341 | D        | Reached skill level 14 in Fighting
   341 | D        | Reached XP level 9. HP: 39/114 MP: 8/8
   456 | D        | Paralysed by a hornet for 2 turns
   597 | D        | Noticed an oklob plant
   601 | D        | Killed an oklob plant
   601 | D        | Reached ***** piety under Trog
   612 | D        | Reached skill level 15 in Fighting
   665 | D        | Killed an unseen horror
   665 | D        | Received a gift from Trog
   665 | D        | Reached XP level 10. HP: 104/126 MP: 9/9
   689 | D        | Killed an unseen horror
   853 | D        | Received a gift from Trog
   853 | D        | Reached skill level 16 in Fighting
   933 | D        | Paralysed by a floating eye for 4 turns
   960 | D        | Reached ****** piety under Trog
   960 | D        | Received a gift from Trog
   988 | D        | Got a heavily runed ring mail
  1004 | D        | Found Vueqeg's Distillery.
  1004 | D        | Found Inidoi's Assorted Antiques.
  1004 | D        | Found Jifomn's Assorted Antiques.
  1006 | D        | Found Hestruplu's Antique Armour Emporium.
  1006 | D        | Found Ruson's Gadget Shop.
  1006 | D        | Found Zius's Gadget Shoppe.
  1006 | D        | Found Amooquc's Magic Scroll Boutique.
  1006 | D        | Found Fiatienic's Food Emporium.
  1006 | D        | Found Xarul's Antique Armour Shop.
  1006 | D        | Found Gilecisch's Magic Scroll Shoppe.
  1010 | D        | Found Eluageg's Gadget Boutique.
  1011 | D        | Found Ykan Logg's Antique Weapon Emporium.
  1011 | D        | Found Foskosor's Weapon Boutique.
  1012 | D        | Found Antaq's Weapon Emporium.
  1027 | D        | Bought a glowing cloak for 150 gold pieces
  1080 | D        | Noticed Sonja
  1085 | D        | Killed Sonja
  1224 | D        | Found Cuip's Armour Boutique.
  1300 | D        | Bought the +4 shield of the Other Side {rPois MR+ rCorr} for 609 gold pieces
  1317 | D        | Noticed a deep troll
  1331 | D        | Killed a deep troll
  1331 | D        | Reached skill level 1 in Shields
  1356 | D        | Killed a gargoyle
  1378 | D        | Found Qaawim's Armour Emporium.
  1455 | D        | Noticed a shining eye
  1455 | D        | Noticed a shining eye
  1455 | D        | Noticed a shining eye
  1455 | D        | Noticed a shining eye
  1455 | D        | Noticed a shining eye
  1455 | D        | Noticed a shining eye
  1457 | D        | Paralysed by a floating eye for 4 turns
  1467 | D        | Killed a shining eye
  1467 | D        | Reached skill level 17 in Fighting
  1469 | D        | Received a gift from Trog
  1470 | D        | Gained mutation: Your spells are a little easier to cast, but a little less powerful. [a shining eye]
  1473 | D        | Killed a shining eye
  1473 | D        | Reached skill level 15 in Unarmed Combat
  1477 | D        | Gained mutation: Your spells are easier to cast, but less powerful. [a shining eye]
  1480 | D        | Killed a shining eye
  1480 | D        | Reached XP level 11. HP: 138/138 MP: 10/10
  1480 | D        | Gained mutation: Armour fits poorly on your strangely shaped body. [a shining eye]
  1481 | D        | Gained mutation: You are clumsy. (Dex -2) [a shining eye]
  1484 | D        | Killed a shining eye
  1485 | D        | Lost mutation: You are clumsy. (Dex -2) [a shining eye]
  1489 | D        | Killed a shining eye
  1493 | D        | Killed a shining eye
  1504 | D        | Noticed a shining eye
  1504 | D        | Noticed a shining eye
  1505 | D        | Gained mutation: You are weak. (Str -2) [a shining eye]
  1506 | D        | Paralysed by a floating eye for 4 turns
  1510 | D        | Gained mutation: You occasionally shout uncontrollably at your foes. [a shining eye]
  1516 | D        | Killed a shining eye
  1516 | D        | Received a gift from Trog
  1517 | D        | Paralysed by a floating eye for 4 turns
  1518 | D        | Gained mutation: You are frail. (-10% HP) [a shining eye]
  1519 | D        | Gained mutation: You tend to lose your temper in combat. [a shining eye]
  1522 | D        | Killed a shining eye
  1522 | D        | Reached skill level 5 in Shields
  1556 | D        | Found Gevievo's Food Shop.
  1556 | D        | Found Watem's Antique Weapon Shoppe.
  1556 | D        | Found Irucsiupt's Book Boutique.
  1556 | D        | Found Feojiysch's Assorted Antiques.
  1566 | D        | Bought a ration for 50 gold pieces
  1566 | D        | Bought a ration for 50 gold pieces
  1637 | D        | Reached skill level 18 in Fighting
  1672 | D        | Noticed a lindwurm
  1675 | D        | Killed a lindwurm
  1725 | D        | Received a gift from Trog
  1745 | D        | Received a gift from Trog
  1759 | D        | Got a twisted spear {god gift}
  1806 | D        | Noticed a 12-headed hydra
  1840 | D        | Killed a 12-headed hydra
  2004 | D        | Noticed a deep elf annihilator
  2010 | D        | Slain by a merfolk siren

Skill      XL: |  1  2  3  4  5  6  7  8  9 10 11 |
---------------+----------------------------------+-----
Fighting       | 4 6 8 9 11 12 14 15 17 18 | 18.6
Unarmed Combat | 4 6 7 9 11 12 13 15 16 | 16.2
Shields        | 3 7 |  7.0
Dodging        | |  2.4

Action                   |  1- 3 |  4- 6 |  7- 9 | 10-12 || total
-------------------------+-------+-------+-------+-------++-------
Melee: Unarmed           |     9 |    10 |    29 |   148 ||   196
       Punch             |       |     1 |     3 |     3 ||     7
Invok: Berserk           |     1 |       |     2 |     1 ||     4
       Brothers in Arms  |       |       |       |     4 ||     4
       Trog's Hand       |       |       |       |     2 ||     2
Evoke: Wand              |       |       |       |     2 ||     2
  Use: Potion            |       |       |       |     3 ||     3
  Eat: Ration            |       |       |     1 |     1 ||     2
       Chunk             |       |       |     8 |    15 ||    23
Armor: Animal skin       |     3 |       |    11 |    33 ||    47
Dodge: Dodged            |       |     3 |    22 |    33 ||    58
Block: Shield            |       |       |       |    39 ||    39
